 Seeded DCSS version 0.30.1-9-gdf580d7c3d (webtiles) character file.

Game seed: 5129858224507802926 (custom seed)

234 Psyclone the Conjurer (level 5, -4/28 HPs)
             Began as a Deep Elf Conjurer on Oct 6, 2023.
             Killed from afar by an orc wizard (10 damage)
             ... with a puff of flame
             ... on level 4 of the Dungeon.
             The game lasted 00:06:53 (3070 turns).

Psyclone the Conjurer (Deep Elf Conjurer)           Turns: 3070, Time: 00:06:54

Health: -4/28      AC:  3    Str:  4    XL:     5   Next: 75%
Magic:  3/11       EV: 12    Int: 25    God:
Gold:   55         SH:  0    Dex: 13    Spells: 7/10 levels left

rFire   . . .        f - +0 dagger
rCold   . . .        (no shield)
rNeg    . . .        a - +0 robe
rPois   .            (no helmet)
rElec   .            (no cloak)
rCorr   .            (no gloves)
SInv    .            n - +0 pair of boots
Will    .....        (no amulet)
Stlth   ++           (no ring)
HPRegen 0.24/turn    (no ring)
MPRegen 0.12/turn

%: no passive effects
@: no status effects
A: no striking features
a: no special abilities


You were on level 4 of the Dungeon.
You visited 1 branch of the dungeon, and saw 4 of its levels.

You collected 273 gold pieces.
You spent 218 gold pieces at shops.

Inventory:

Hand Weapons
 f - a +0 dagger (weapon)
Armour
 a - a +0 robe (worn)
 n - a +0 pair of boots (worn)
Scrolls
 c - 2 scrolls of vulnerability {unknown}
 e - 2 scrolls of fear {unknown}
 i - a scroll of identify {unknown}
 j - a scroll of magic mapping {unknown}
 k - 2 scrolls of amnesia {unknown}
Potions
 b - a potion of magic
 d - a potion of curing {unknown}
 g - 4 potions of mutation {unknown}
 h - a potion of might {unknown}
 l - a potion of flight {unknown}
 m - a potion of berserk rage {unknown}


   Skills:
 - Level 2.4 Dodging
 - Level 2.4 Stealth
 - Level 3.0 Spellcasting
 + Level 7.8 Conjurations


You had 7 spell levels left.
You knew the following spells:

 Your Spells              Type           Power      Damage    Failure   Level
a - Magic Dart            Conj           100%       1d8       1%          1
b - Searing Ray           Conj           84%        2d7       1%          2

Your spell library contained the following spells:

 Spells                   Type           Power      Damage    Failure   Level
 Dazzling Flash           Conj/Hex       46%        N/A       6%          3
 Fulminant Prism          Conj/Hex       11%        3d9       21%         4
 Iskenderun's Mystic Bla  Conj/Tloc      23%        2d6       21%         4


Dungeon Overview and Level Annotations

Branches:
Dungeon (4/15) Zot: 20929  Temple (0/1) D:4

Altars:
Elyvilon

Shops:
D:1 [   D:2 =![(


Message History

Ouch! That really hurt!
* * * LOW HITPOINT WARNING * * *
The orc wizard shouts!
You take 15 damage, and have 4/28 hp.
MASSIVE DAMAGE!!
Casting: Magic Dart (safe; 1% risk of failure)
Confirm with . or Enter, or press ? or * to list all spells.
Aiming: Searing Ray (safe; 1% risk of failure)
Press: ? - help, Shift-Dir - straight line, f - orc wizard, p - orc priest
Aim: an orc wizard, wielding a +0 dagger and wearing a +0 robe (77% to hit)
The searing ray hits the orc priest!
You kill the orc priest!
The searing ray hits the orc wizard!
The orc wizard is severely wounded. (Press . to maintain the ray.)
You now have 7/11 mp.
The searing ray hits the orc!
You kill the orc!
The searing ray misses the orc wizard.
An orc comes into view. It is wielding a +0 club.
You now have 6/11 mp.
The searing ray hits the orc wizard.
The orc wizard is severely wounded.
The orc wizard mumbles some strange words.
The orc wizard flickers and vanishes!
Deactivating autopickup; reactivate with Ctrl-A.
The orc shouts!
You now have 5/11 mp.
The searing ray hits something but does no damage.
You finish channelling your searing ray.
You now have 4/11 mp.
Casting: Searing Ray (safe; 1% risk of failure)
Confirm with . or Enter, or press ? or * to list all spells.
Aiming: Magic Dart (safe; 1% risk of failure)
Press: ? - help, Shift-Dir - straight line, f - orc
Aim: an orc, wielding a +0 club and wearing a +0 leather armour (100% to hit)
The magic dart hits something but does no damage.
You hear some strange, mumbled words.
A puff of flame appears from out of thin air!
The puff of flame hits you!
You die...

#.##..###......P.
#.......#.......>
###............P.
..................
#.......##.##.....
.........#...#
..$.
^.##.....#.⌠.# ..
.##......#..?#
....#####@## .###
#{# #)# ... .._..
##)o.## ##.## #.#
#.#


You could see an orc.

Vanquished Creatures
  2 orc priests
  An orc wizard (D:3)
  4 gnolls (D:2)
  2 adders
  A worm (D:2)
  2 dart slugs
  11 orcs
  8 ball pythons
  8 endoplasms
  2 giant cockroaches (D:3)
  8 goblins
  7 hobgoblins
  4 quokkas
  5 bats
  6 frilled lizards
  2 kobolds
  4 rats
77 creatures vanquished.

Notes
Turn   | Place    | Note
-------+----------+-------------------------------------------
     0 | D:1      | Psyclone the Deep Elf Conjurer began the quest for the Orb.
     0 | D:1      | Reached XP level 1. HP: 10/10 MP: 6/6
   229 | D:1      | Reached XP level 2. HP: 15/15 MP: 6/8
   283 | D:1      | Reached skill level 5 in Conjurations
   465 | D:1      | Found Qair's Armour Shoppe.
   775 | D:2      | Reached XP level 3. HP: 19/19 MP: 7/9
   802 | D:2      | Found Zutuxkoi's Jewellery Shop.
   877 | D:2      | Found Tatheism's Distillery.
  1218 | D:2      | Found Ogoraot's Weapon Shop.
  1265 | D:2      | Found Xoolosaxt's Antique Armour Shop.
  1394 | D:2      | Reached skill level 6 in Conjurations
  1557 | D:2      | Learned a level 2 spell: Searing Ray
  1564 | D:2      | Reached XP level 4. HP: 24/24 MP: 5/10
  1946 | D:3      | Reached skill level 7 in Conjurations
  1946 | D:3      | Reached XP level 5. HP: 24/28 MP: 4/11
  2912 | D:2      | Bought a polished cloak for 218 gold pieces
  2912 | D:2      | Identified the +0 cloak of the Armoured One {-Cast Rampage
                  | Will- Str+7} (You bought it in a shop on level 2 of the
                  | Dungeon)
  3046 | D:4      | Found a staircase to the Ecumenical Temple.
  3056 | D:4      | Found a white marble altar of Elyvilon.
  3070 | D:4      | Killed from afar by an orc wizard

Illustrated notes

Levels and vault maps discovered:
D:1:      saegor_arrival_simple_c, layout_rooms, serial_shops, shop,
          kennysheep_nondescript, minmay_misc_feat_ornament
D:2:      layout_basic, serial_shops, nicolae_shop_tiny_statue_garden,
          nicolae_shop_scrapyard, shop, shop
D:3:      layout_loops_ring
D:4:      layout_rooms, elyvilon_altar_1, minmay_temple_entry_trees,
          uniq_eustachio

Skill      XL: |  1  2  3  4 |
---------------+-------------+-----
Conjurations   | 5 6 7 |  7.8
Dodging        | |  2.4
Stealth        | |  2.4
Spellcasting   | |  3.0

Action                     |  1- 3 |  4- 6 || total
---------------------------+-------+-------++-------
   Cast: Magic Dart        |    72 |    57 ||   129
         Searing Ray       |     1 |     5 ||     6
 Armour: Robe              |     2 |       ||     2
  Dodge: Dodged            |     1 |     3 ||     4
